AoeStats
← hightower_208

Highland

506682166Analyzed
2v2 RM · 17d ago on Sep 14, 2026· 37m 0s· 4 players
Game mode
Random Map
Map size
Medium (4 player)
Population
200
Speed
Normal
Resources
Standard
Victory
Conquest
Starting age
Dark Age
Ending age
Imperial Age
RankedLock teamsTeams togetherTeam positionsShared explorationLock speedFull tech treeHidden civsTurbo modeCheats
Victory
Defeat
🇩🇪 Magyars · Germany
1667
+10
🇩🇪 Mongols · Germany
1593
+13
🇵🇪 Maya · Peru
1553
-12
🇵🇪 Slavs · Peru
1504
-11
hightower_208
7:54 Loom
10:51 Feudal Age
12:10 Double-Bit Axe
16:06 Town Watch
16:06 Horse Collar
19:10 Castle Age
18:32 Scale Barding Armor
19:15 Bloodlines
20:34 Wheelbarrow
19:25 Light Cavalry
21:11 Husbandry
22:07 Hand Cart
23:28 Husbandry
23:55 Bow Saw
26:11 Heavy Plow
32:44 Imperial Age
30:30 Gold Mining
31:06 Chain Barding Armor
32:35 Gold Shaft Mining
34:02 Plate Barding Armor
33:28 Cavalier
36:22 Paladin
Mjoelnir
7:19 Loom
9:46 Feudal Age
10:26 Double-Bit Axe
16:27 Fishing Lines
19:54 Castle Age
17:44 Horse Collar
21:06 Bow Saw
20:58 Heavy Plow
20:49 Gold Mining
20:50 Stone Mining
23:19 Wheelbarrow
22:44 Town Watch
23:26 Demolition Ship
27:11 Gold Shaft Mining
26:56 Hand Cart
29:41 Stone Shaft Mining
31:41 Imperial Age
30:18 Fletching
31:25 Bodkin Arrow
31:35 Padded Archer Armor
32:51 Conscription
32:45 Bracer
32:29 Elite Mangudai
33:27 Leather Archer Armor
34:07 Ballistics
34:48 Chemistry
34:54 Thumb Ring
35:14 Parthian Tactics
35:01 Bloodlines
34:51 Husbandry
DarkWolf110722
0:26 Loom
9:51 Feudal Age
9:57 Man-at-Arms
14:17 Double-Bit Axe
21:30 Castle Age
20:03 Fletching
20:13 Gold Mining
20:52 Horse Collar
21:34 Crossbowman
22:09 Bodkin Arrow
22:58 Thumb Ring
26:14 Padded Archer Armor
28:56 Wheelbarrow
34:24 Imperial Age
31:50 Stone Mining
32:09 Heavy Plow
33:53 Hand Cart
35:12 Bracer
34:34 Arbalester
36:39 Leather Archer Armor
36:07 Pikeman
37:02 Scale Mail Armor
The_Night_Wolf
6:24 Loom
9:09 Feudal Age
9:43 Double-Bit Axe
18:56 Castle Age
18:00 Bloodlines
17:57 Scale Barding Armor
18:12 Horse Collar
18:23 Gold Mining
20:43 Bow Saw
21:29 Husbandry
25:51 Wheelbarrow
26:13 Heavy Plow
26:52 Stone Mining
27:35 Hand Cart
35:23 Imperial Age
33:07 Fletching
35:16 Chain Barding Armor
35:27 Elite Boyar
36:44 Plate Barding Armor
37:11 Forging
Connection lost

Rejoining the realm…

Still unreachable

The connection could not be restored.

Session expired

The server has moved on; the page needs a fresh start.